 Dungeon Crawl Stone Soup version 0.27.0-1-g7a089689b8 (webtiles) character file.

Game seed: 10191279151960498194

22 Brandom the Slasher (level 2, 0/25 HPs)
             Began as a Palentonga Monk on Aug 9, 2021.
             Was a Plaything of Xom.
             Slain by Terence (3 damage)
             ... on level 3 of the Dungeon.
             The game lasted 00:00:34 (310 turns).

Brandom the Slasher (Palentonga Monk)                Turns: 310, Time: 00:00:35

Health: 0/25       AC:  4    Str: 14    XL:     2   Next: 68%
Magic:  2/2        EV: 14    Int: 10    God:    Xom [..*...]
Gold:   10         SH:  0    Dex: 12    Spells: 1/1 levels left

rFire    . . .     SeeInvis +   a - +0 falchion
rCold    . . .     Faith    .   (no shield)
rNeg     . . .     Spirit   .   b - +0 robe
rPois    .         Reflect  .   (no helmet)
rElec    .         Harm     .   (no cloak)
rCorr    .         Rampage  .   (no gloves)
Will     .....                  (no barding)
Stlth    ++........             (no amulet)
HPRegen  0.08/turn              c - +4 ring of evasion
MPRegen  0.08/turn              (no ring)

@: no status effects
A: large, rugged brown scales 3, see invisible, deformed body, roll 1, armoured
tail
a: Rolling Charge, Renounce Religion


You were on level 3 of the Dungeon.
You worshipped Xom.
You were a toy of Xom.
You visited 1 branch of the dungeon, and saw 3 of its levels.

You collected 10 gold pieces.

Inventory:

Hand Weapons
 a - a +0 falchion (weapon)
Armour
 b - a +0 robe (worn)
Jewellery
 c - a +4 ring of evasion (left hand)
   (You found it on level 1 of the Dungeon)


   Skills:
 + Level 3.3 Fighting
 + Level 3.3 Long Blades
 + Level 2.7 Dodging
 - Level 1.2 Stealth


You had one spell level left.
You didn't know any spells.
Your spell library was empty.

Dungeon Overview and Level Annotations

Branches:
Dungeon (3/15)

Altars:
Xom

Shops:
D:2 ?

Annotations:
D:3 Terence


Innate Abilities, Weirdness & Mutations

You are completely covered in rugged brown scales. (AC +3, +7% HP)
You have supernaturally acute eyesight. (SInv)
Armour fits poorly on your strangely shaped body.
You can roll at nearby foes to attack.
You have a long armoured tail.


Message History

No target in view!
(D) Dungeon
Where to? (Enter - D:2, ? - help)
Found Zeredexzo's Magic Scroll Shoppe.
There is a stone staircase leading down here.
You climb downwards.
An orc comes into view. It is wielding a +0 whip.
The orc shouts!
You hear a shout! x2
There is a stone staircase leading up here.
An orc is nearby!
You hit the orc. The orc misses you.
You hit the orc. The orc closely misses you.
You closely miss the orc.
Your tail-slap misses the orc.
The orc hits you with a +0 whip.
You hit the orc.
You kill the orc!
No target in view!
No target in view!
No target in view!
No target in view!
No target in view!
No target in view!
No target in view!
No target in view!
No target in view!
No target in view!
No target in view!
No target in view!
No target in view!
No target in view!
No target in view!
No target in view!
Terence the Incautious comes into view.
He is wielding a +0 flail and wearing a +1 ring mail of cold resistance.
You barely miss Terence.
Terence shouts!
Terence closely misses you.
You hit Terence but do no damage.
Terence asks, "Do you want it fast or slow?"
Terence misses you.
You hit Terence. Terence completely misses you.
You hit Terence but do no damage.
Terence drinks a potion.
Terence suddenly seems more resistant.
You hit Terence but do no damage. Terence barely misses you.
You hit Terence but do no damage. Terence completely misses you.
You riposte.
You hit Terence. Terence hits you with a +0 flail!
You hit Terence but do no damage. Terence hits you with a +0 flail!
* * * LOW HITPOINT WARNING * * *
You hit Terence but do no damage. Terence hits you with a +0 flail.
You die...
Xom giggles madly!

# ... #.
....#.###
.......<####
...........#
...##......# .
#....).#
#......####..#
#....@@......#
#.......####.#
#######.# ..
###


You could see Terence (resistant).

Vanquished Creatures
  An adder (D:2)
  A worm (D:2)
  An orc (D:3)
  2 endoplasms
  A hobgoblin (D:2)
  A quokka (D:1)
  2 ball pythons
9 creatures vanquished.

Notes
Turn   | Place    | Note
-------+----------+-------------------------------------------
     0 | D:1      | Brandom the Palentonga Monk began the quest for the Orb.
     0 | D:1      | Reached XP level 1. HP: 19/19 MP: 1/1
   174 | D:1      | Found a faded altar of an unknown god.
   181 | D:1      | Became a worshipper of Xom of Malicious Giggling
   209 | D:2      | Reached XP level 2. HP: 23/25 MP: 2/2
   211 | D:2      | XOM: butterfly on damage
   243 | D:2      | Found Zeredexzo's Magic Scroll Shoppe.
   299 | D:3      | Noticed Terence
   310 | D:3      | Slain by Terence

Illustrated notes

Levels and vault maps discovered:
D:1:      dpeg_arrival_round_a, layout_basic,
          hellmonk_ecumenical_altar_slurped_away, minmay_box_of_dots
D:2:      minmay_general_purpose_star, layout_loops_ring, serial_shops, shop,
          uniq_natasha
D:3:      layout_basic, mainiacjoe_overflow_swirl,
          lemuel_coloured_pillars_altar, uniq_terence, uniq_ijyb

Action                   || total
-------------------------++-------
Melee: Falchion          ||    33
       Tailslap          ||     5
Armor: Robe              ||     6
Dodge: Dodged            ||    13
       Rpst.: Falchion   ||     3
